 Dungeon Crawl Stone Soup version 0.29-a0-355-g7276a9ff7f (webtiles) character file.

Game seed: 12334626175136734054

5132 Footer the Carver (level 10, -7/69 HPs)
             Began as a Demonspawn Abyssal Knight on Apr 24, 2022.
             Was a High Priest of Lugonu.
             Mangled by a yak (9 damage)
             ... on level 8 of the Dungeon on Apr 25, 2022.
             The game lasted 00:57:25 (10713 turns).

Footer the Carver (Demonspawn Abyssal Knight)      Turns: 10713, Time: 00:57:26

Health: -7/69      AC: 25    Str: 20    XL:     10   Next: 33%
Magic:  11/11      EV: 11    Int: 12    God:    Lugonu [*****.]
Gold:   200        SH:  0    Dex: 13    Spells: 9/9 levels left

rFire   . . .      SeeInvis .   a - +3 falchion
rCold   . . .      Faith    .   (no shield)
rNeg    . . .      Spirit   .   f - +1 plate armour
rPois   .          Reflect  .   (no helmet)
rElec   .          Harm     .   s - +1 cloak
rCorr   .          Rampage  .   i - +0 pair of gloves
Will    .....                   r - +0 pair of boots
Stlth   ..........              (no amulet)
HPRegen 0.21/turn               e - +4 ring of protection
MPRegen 0.24/turn               k - ring of the Irksome Rambutan {EV+4 Str+2 Slay+3}

@: no status effects
A: yellow scales 1, magic regeneration, demonic magic 1, demonic touch 1, hooves
1, frail 1
a: Renounce Religion, Depart the Abyss, Bend Space, Banish, Corrupt, Enter the
Abyss


You were on level 8 of the Dungeon.
You worshipped Lugonu.
Lugonu was extremely pleased with you.
You visited 1 branch of the dungeon, and saw 8 of its levels.
You visited the Abyss 1 time.

You collected 616 gold pieces.
You spent 416 gold pieces at shops.

Inventory:

Hand Weapons
 a - a +3 falchion (weapon)
Armour
 f - a +1 plate armour (worn)
 i - a +0 pair of gloves (worn)
 j - a scarf of shadows
 r - a +0 pair of boots (worn)
 s - a +1 cloak (worn)
Jewellery
 e - a +4 ring of protection (left hand)
 k - the ring of the Irksome Rambutan (right hand) {EV+4 Str+2 Slay+3}
   (You acquired it on level 3 of the Dungeon)

   [ring of evasion]

   EV:        It affects your evasion (+4).
   Str:       It affects your strength (+2).
   Slay:      It affects your accuracy & damage with ranged weapons and melee
   (+3).
 l - a ring of resist corrosion
 m - a ring of protection from fire
 u - a +4 ring of protection
Wands
 q - a wand of paralysis (7)
 t - a wand of iceblast (7)
 v - a wand of acid (3)
Scrolls
 b - a scroll of identify
 g - 4 scrolls of fog
 n - 3 scrolls of teleportation
 w - a scroll of enchant weapon
Potions
 c - a potion of curing
 d - 2 potions of flight
 h - a potion of ambrosia {unknown}
 o - 2 potions of resistance
 p - 2 potions of magic


   Skills:
 * Level 6.8 Fighting
 * Level 10.2 Long Blades
 * Level 8.1 Armour
 + Level 1.8 Dodging
 + Level 0.9 Stealth
 + Level 2.6 Invocations


You had 9 spell levels left.
You didn't know any spells.
Your spell library contained the following spells:

 Spells                   Type           Power      Damage    Failure   Level
 Pain                     Necr           0%         1d4       100%        1
 Corpse Rot               Necr/Air       0%         N/A       100%        2
 Poisonous Vapours        Pois/Air       0%         N/A       100%        2
 Portal Projectile        Hex/Tloc       0%         N/A       100%        3
 Agony                    Necr           0%         N/A       100%        5
 Blade Hands              Tmut           0%         N/A       100%        5
 Excruciating Wounds      Necr           0%         N/A       100%        5


Dungeon Overview and Level Annotations

Branches:
Dungeon (8/15)             Temple (0/1) D:6            Lair (0/6) D:8

Altars:
Nemelex Xobeh

Shops:
D:8 :


Innate Abilities, Weirdness & Mutations

You are partially covered in yellow scales. (AC +2)
You regenerate magic rapidly.
Spells you cast may paralyse adjacent enemies.
Your touch may inflict minor irresistible damage on your foes.
You have large cloven feet.
You are frail. (-10% HP)


Message History

You feel sick. The yak gores you!
You hit the yak. Your touch misses the yak.
The yak is almost dead.
You feel sick.
You hit the yak.
You touch the yak.
You kill the yak!
Lugonu accepts your kill.
You feel sick.
You are no longer poisoned.
A yak comes into view.
The yak attacks as you move away! The yak gores you!
* * * LOW HITPOINT WARNING * * *
The yak barely misses you. The yak attacks as you move away!
The yak gores you but does no damage. The yak attacks as you move away!
The yak gores you.
* * * LOW HITPOINT WARNING * * *
The yak closely misses you. The yak attacks as you move away!
The yak gores you.
* * * LOW HITPOINT WARNING * * *
The yak attacks as you move away! The yak gores you.
* * * LOW HITPOINT WARNING * * *
The yak bellows!
The yak attacks as you move away! The yak barely misses you.
You barely miss the yak. The yak completely misses you.
You slash the yak!
You touch the yak.
The yak is moderately wounded.
The yak barely misses you.
You slash the yak!
The yak is severely wounded.
The yak closely misses you. The yak gores you but does no damage.
The yak misses you.
You slash the yak!
You touch the yak.
You kill the yak!
Lugonu accepts your kill.
You slash the yak!
The yak is moderately wounded.
The yak gores you.
* * * LOW HITPOINT WARNING * * *
The yak gores you!
You die...

...P........#....#.......#
............#....#.......#
............#....#.......#
............#....#.......#
.....)......)....'.......#
#..........##)^..#.......+
######.....##..###.......# #
#.........###.......# #
#>.......∩.@YYY.....# #
#......##.[YY#......# #
#).....##..###......#
######<.....#...###......#
#....#......#.....#...†).#
#....'......##'####....).#
#....#......#....#.........
##...#......#....#...........
##...#......#....#......Y......


You could see 5 yaks.

Vanquished Creatures
  Pikel (D:7)
  Grinder (D:6)
  A shadow (D:7)
  A wyvern (D:8)
  A basilisk (D:8)
  2 yaks (D:8)
  4 steam dragons
  Edmund (D:6)
  4 water moccasins (D:8)
  An orc warrior (D:8)
  An ice beast (D:6)
  7 black bears
  3 ogres
  2 wolves (D:8)
  A centaur (D:7)
  A phantom (D:5)
  8 bullfrogs
  2 scorpions (D:4)
  2 hounds
  A jelly (D:5)
  2 orc priests
  2 gnoll shamans
  4 iguanas
  2 orc wizards
  12 gnolls
  9 adders
  2 white imps
  3 worms
  2 dart slugs
  22 orcs
  5 endoplasms
  3 giant cockroaches
  12 goblins
  7 hobgoblins
  6 jackals
  5 quokkas
  5 ball pythons
  8 bats
  4 frilled lizards
  8 kobolds
  15 rats
183 creatures vanquished.

Vanquished Creatures (others)
  A water moccasin (D:8)
  A fungus (D:8)
  28 plants
30 creatures vanquished.

Grand Total: 213 creatures vanquished

Notes
Turn   | Place    | Note
-------+----------+-------------------------------------------
     0 | Abyss:1  | Footer the Demonspawn Abyssal Knight began the quest for
                  | the Orb.
     0 | Abyss:1  | Reached XP level 1. HP: 18/18 MP: 2/2
     7 | D:1      | Escaped the Abyss
   105 | D:1      | Reached skill level 1 in Dodging
   341 | D:1      | Gained mutation: You regenerate magic rapidly. [demonic
                  | ancestry]
   341 | D:1      | Reached XP level 2. HP: 24/24 MP: 3/3
   487 | D:1      | Reached skill level 2 in Long Blades
  2902 | D:2      | Reached XP level 3. HP: 28/29 MP: 4/4
  3579 | D:2      | Found a faded altar of an unknown god.
  3758 | D:3      | Reached *** piety under Lugonu
  3794 | D:3      | Identified a scroll of acquirement
  3855 | D:3      | Acquired the ring of the Irksome Rambutan {EV+4 Str+2
                  | Slay+3}
  3898 | D:3      | Noticed a bullfrog
  3903 | D:3      | Gained mutation: You are partially covered in yellow
                  | scales. (AC +2) [demonic ancestry]
  3903 | D:3      | Reached XP level 4. HP: 27/36 MP: 5/5
  3908 | D:3      | Killed a bullfrog
  3909 | D:3      | Reached skill level 3 in Long Blades
  3909 | D:3      | Reached XP level 5. HP: 25/42 MP: 6/6
  4353 | D:3      | Reached **** piety under Lugonu
  4487 | D:4      | Gained mutation: You are frail. (-10% HP) [potion of
                  | mutation]
  4487 | D:4      | Gained mutation: You have large cloven feet. [potion of
                  | mutation]
  5116 | D:4      | Reached skill level 4 in Long Blades
  5130 | D:4      | Upgraded the game from 0.29-a0-352-g0917bc69df to
                  | 0.29-a0-355-g7276a9ff7f
  5196 | D:4      | Noticed a black bear
  5200 | D:4      | Reached XP level 6. HP: 43/43 MP: 7/7
  5761 | D:5      | Entered Level 5 of the Dungeon
  5843 | D:5      | Reached skill level 5 in Long Blades
  5848 | D:5      | Reached XP level 7. HP: 41/48 MP: 8/8
  6233 | D:5      | Reached skill level 6 in Long Blades
  7502 | D:6      | Gained mutation: Spells you cast may paralyse adjacent
                  | enemies. [demonic ancestry]
  7502 | D:6      | Reached XP level 8. HP: 54/54 MP: 9/9
  7517 | D:6      | Noticed Edmund
  7552 | D:6      | Killed Edmund
  7553 | D:6      | Reached skill level 5 in Armour
  7656 | D:6      | Reached skill level 5 in Fighting
  7663 | D:6      | Reached skill level 7 in Long Blades
  8071 | D:6      | Noticed Grinder
  8078 | D:6      | Paralysed by Grinder for 4 turns
  8091 | D:6      | Killed Grinder
  8417 | D:6      | Found a staircase to the Ecumenical Temple.
  8558 | D:7      | Noticed Pikel
  8579 | D:7      | Reached XP level 9. HP: 34/61 MP: 10/10
  8599 | D:7      | Killed Pikel
  8600 | D:7      | Reached skill level 8 in Long Blades
  9297 | D:7      | Reached skill level 9 in Long Blades
  9318 | D:7      | Found a sparkling altar of Nemelex Xobeh.
  9847 | D:8      | Found Pemom's Book Shoppe.
  9876 | D:8      | Bought a book of Weapons for 416 gold pieces
  9893 | D:8      | Reached ***** piety under Lugonu
  9960 | D:8      | Gained mutation: Your touch may inflict minor irresistible
                  | damage on your foes. [demonic ancestry]
  9960 | D:8      | Reached XP level 10. HP: 25/68 MP: 11/11
  9990 | D:8      | Found a staircase to the Lair.
 10376 | D:8      | Reached skill level 10 in Long Blades
 10713 | D:8      | HP: 2/69 [yak (6)]
 10713 | D:8      | Mangled by a yak

Illustrated notes

Levels and vault maps discovered:
D:1:      minmay_arrival_split_and_join, layout_basic, minmay_rat_gold_closets
D:2:      layout_loops_corners, hellmonk_ecumenical_altar_prayer_group,
          chequers_big_river
D:3:      layout_rooms, minmay_circle_x
D:4:      layout_loops_cross, patterned_corridor
D:5:      layout_basic
D:6:      layout_loops_cross, minmay_temple_entry_waves, uniq_edmund,
          uniq_grinder
D:7:      layout_rooms, amcnicky_altar_gilded, uniq_pikel
D:8:      layout_gridville, minmay_lair_entry_grove, serial_shops,
          nicolae_square_shop, lightli_bailey_entry_fortress,
          minmay_crystal_water

Skill      XL: |  1  2  3  4  5  6  7  8  9 10 |
---------------+-------------------------------+-----
Dodging        | 1 |  1.8
Armour         | 2 3 4 6 7 8 |  8.1
Long Blades    | 2 3 4 5 6 7 9 10 | 10.2
Fighting       | 4 5 6 |  6.8
Stealth        | |  0.9
Invocations    | |  2.6

Action                   |  1- 3 |  4- 6 |  7- 9 | 10-12 || total
-------------------------+-------+-------+-------+-------++-------
Melee: Falchion          |   159 |   129 |   360 |   129 ||   777
       Punch             |     1 |       |     6 |     3 ||    10
       Kick              |       |    14 |    11 |       ||    25
       Touch             |       |       |       |    14 ||    14
  Use: Potion            |     6 |     3 |     6 |     1 ||    16
       Scroll            |     7 |     1 |     6 |     1 ||    15
Armor: Leather armour    |     6 |       |       |       ||     6
       Plate armour      |   157 |   150 |   316 |    97 ||   720
Dodge: Dodged            |    40 |   124 |   238 |    74 ||   476

Table legend: (Time is in decaauts)
 A = Elapsed time spent in this place.
 B = Non-inter-level travel time spent in this place.
 C = Inter-level travel time spent in this place.
 D = Time resting spent in this place.
 E = Time spent auto-exploring this place.
 F = Levels seen in this place.
 G = Mean time per level.
                   A        B        C        D        E       F      G
               +--------+--------+--------+--------+--------+-----+--------+
         Total |  10735 |  10714 |     21 |   3657 |     59 |   9 | 1192.8 |
       Dungeon |  10728 |  10707 |     21 |   3657 |     59 |   8 | 1341.0 |
         Abyss |      7 |      7 |      0 |      0 |      0 |   1 |    7.0 |
               +--------+--------+--------+--------+--------+-----+--------+

Top non-repeatable levels by time:
     D:2: 2709 daAuts
     D:6: 1725 daAuts
     D:4: 1292 daAuts
     D:8: 1166 daAuts
     D:5: 1066 daAuts
     D:7: 993 daAuts
     D:1: 968 daAuts
     D:3: 805 daAuts
 Abyss:1: 7 daAuts
